 Dungeon Crawl Stone Soup version 0.29-a0-870-g2c972031a6 (webtiles) character file.

Game seed: 11146078308690836500

83 Bane the Trooper (level 4, 0/33 (37) HPs)
             Began as a Formicid Monk on July 17, 2022.
             Slain by Eustachio
             ... wielding a +0 rapier
              (6 damage)
             ... on level 4 of the Dungeon.
             The game lasted 00:05:19 (2069 turns).

Bane the Trooper (Formicid Monk)                    Turns: 2069, Time: 00:05:20

HP:   0/33 (37)     AC:  3    Str: 15    XL:     4   Next: 71%
MP:   4/4           EV: 13    Int: 10    God:
Gold: 99            SH:  0    Dex: 18    Spells: 3/3 levels left

rFire   . . .      SeeInvis +   a - +0 falchion
rCold   . . .      Faith    .   (no shield)
rNeg    . . .      Spirit   .   p - +0 leather armour
rPois   .          Reflect  .   (helmet unavailable)
rElec   .          Harm     .   (no cloak)
rCorr   .          Rampage  .   (no gloves)
Will    .....                   (no boots)
Stlth   ++........              (no amulet)
HPRegen 0.11/turn               (no ring)
MPRegen 0.09/turn               (no ring)

@: heavily drained
A: permanent stasis, dig shafts and tunnels, antennae 3, four strong arms
a: Dig, Shaft Self


You were on level 4 of the Dungeon.
You visited 1 branch of the dungeon, and saw 4 of its levels.

You collected 99 gold pieces.

Inventory:

Hand Weapons
 a - a +0 falchion (weapon)
Armour
 b - a +0 robe
 p - a +0 leather armour (worn)
Wands
 q - a wand of charming (12)
Scrolls
 f - 5 scrolls of identify {unknown}
 l - 2 scrolls of brand weapon {unknown}
 n - a scroll of blinking {unknown}
 o - a scroll of fear {unknown}
 r - a scroll of torment {unknown}
 s - a scroll of enchant armour {unknown}
Potions
 c - a potion of ambrosia
 d - a potion of attraction {unknown}
 e - 2 potions of cancellation {unknown}
 h - 2 potions of haste {unknown}
 i - a potion of might {unknown}
 k - a potion of resistance {unknown}
 m - a potion of degeneration {unknown}


   Skills:
 * Level 3.9 Fighting
 * Level 3.5 Long Blades
 * Level 2.0 Armour
 + Level 3.1 Dodging
 + Level 2.9 Stealth


You had 3 spell levels left.
You didn't know any spells.
Your spell library contained the following spells:

 Spells                   Type           Power      Damage    Failure   Level
 Magic Dart               Conj           0%         1d3       43%         1
 Call Imp                 Summ           0%         N/A       56%         2
 Static Discharge         Conj/Air       0%         3-3/arc   56%         2
 Mephitic Cloud           Conj/Pois/Air  0%         N/A       80%         3
 Lightning Bolt           Conj/Air       0%         1d11      100%        5
 Borgnjor's Revivificati  Necr           0%         N/A       100%        8
 Maxwell's Capacitive Co  Air            0%         ∞         100%        8
 Necromutation            Tmut/Necr      0%         N/A       100%        8
 Death's Door             Necr           0%         N/A       100%        9


Dungeon Overview and Level Annotations

Branches:
Dungeon (4/15)
 Temple: D:4-7

Altars:
Dithmenos
Nemelex Xobeh

Annotations:
D:2 Sigmund
D:4 Eustachio


Innate Abilities, Weirdness & Mutations

You cannot be hasted, slowed, berserked, paralysed or teleported.
You can dig through walls and to a lower floor.
You have a pair of large antennae on your head. (SInv)
Your four strong arms can wield two-handed weapons with a shield.


Message History

Your Armour skill increases to level 2!
You hit Eustachio.
Eustachio is lightly wounded.
Eustachio gestures wildly while chanting.
The rat closely misses you.
You closely miss Eustachio.
Eustachio is lightly wounded.
Eustachio misses you. The rat barely misses you.
The shadow imp barely misses you.
You hit Eustachio.
Eustachio is lightly wounded.
The rat bites you.
Eustachio casts a spell.
Eustachio blinks!
The shadow imp closely misses you.
The shadow imp attacks as you move away!
The shadow imp misses you.
You see here a +0 short sword.
The shadow imp attacks as you move away!
The shadow imp hits you. The rat barely misses you.
You extend your mandibles.
You dig through the rock wall.
You feel drained.
You dig through the rock wall.
You feel drained.
You retract your mandibles.
You completely miss the rat. The rat bites you.
You hit the rat.
You kill the rat!
The rat's corpse disappears in a puff of smoke!
You slash Eustachio!
Eustachio is moderately wounded.
Eustachio hits you with a +0 rapier. Eustachio hits you but does no damage.
You closely miss Eustachio.
Eustachio is moderately wounded.
Eustachio hits you with a +0 rapier.
You hit Eustachio.
Eustachio is moderately wounded.
Eustachio hits you with a +0 rapier.
* * * LOW HITPOINT WARNING * * *
You barely miss Eustachio.
Eustachio is moderately wounded.
Eustachio hits you with a +0 rapier.
You die...

*,*,,,,,..,*
*,*****#.#**
*,**####.##
*,,**.....#
**,**,....#
*,,,,,...# *****
*#,,###..# *,,,*
#.,+_'..###
,,,,**##{{###){#@#
≈≈,,,,........#@##
,≈,,,,........###
,≈,,,.......#.#
,≈,,,.......#.#
,≈,,,.......#.#
,≈,**#......#.#
,≈,* #......#.#
,≈,**#......#.#


You could see Eustachio.

Vanquished Creatures
  2 adders
  4 dart slugs
  8 endoplasms
  3 giant cockroaches
  5 goblins
  8 hobgoblins
  6 kobolds
  A ball python (D:1)
  2 bats
  10 frilled lizards
  5 rats
54 creatures vanquished.

Vanquished Creatures (others)
  A butterfly (D:4)
1 creature vanquished.

Grand Total: 55 creatures vanquished

Notes
Turn   | Place    | Note
-------+----------+-------------------------------------------
     0 | D:1      | Bane the Formicid Monk began the quest for the Orb.
     0 | D:1      | Reached XP level 1. HP: 18/18 MP: 1/1
   132 | D:1      | Reached XP level 2. HP: 23/24 MP: 2/2
   170 | D:1      | Reached skill level 1 in Armour
   578 | D:1      | Reached XP level 3. HP: 25/29 MP: 3/3
   912 | D:2      | Found a shadowy altar of Dithmenos.
   995 | D:2      | Noticed Sigmund
  1220 | D:2      | Reached XP level 4. HP: 21/37 MP: 4/4
  1869 | D:3      | Found a faded altar of an unknown god.
  2038 | D:4      | Noticed Eustachio
  2040 | D:4      | Found a sparkling altar of Nemelex Xobeh.
  2069 | D:4      | Slain by Eustachio

Illustrated notes

Levels and vault maps discovered:
D:1:      psy_arrival_spokes, layout_basic
D:2:      layout_loops_ring, basic_altar, minmay_lizard_pond, uniq_sigmund,
          uniq_crazy_yiuf_cottage
D:3:      layout_loops_ring, bloody_makhleb,
          hellmonk_ecumenical_altar_prayer_group, biasface_ghost_orc_armoury,
          uniq_natasha
D:4:      layout_basic, kennysheep_mini_moat, nicolae_elyvilon_peaceful_grove,
          mainiacjoe_overflow_concentric_impassable, st_stairs_2,
          uniq_eustachio, uniq_ijyb

Skill      XL: |  1  2  3  4 |
---------------+-------------+-----
Armour         | 1 2 |  2.0
Dodging        | 3 |  3.1
Fighting       | |  3.9
Long Blades    | |  3.5
Stealth        | |  2.9

Action                   |  1- 3 |  4- 6 || total
-------------------------+-------+-------++-------
Melee: Falchion          |    86 |    46 ||   132
       Punch             |     1 |       ||     1
 Abil: Dig               |       |     1 ||     1
  Use: Scroll            |       |     2 ||     2
 Stab: Sleeping          |     6 |     1 ||     7
Armor: Robe              |     8 |       ||     8
       Leather armour    |       |     5 ||     5
Dodge: Dodged            |    48 |    28 ||    76

Table legend: (Time is in decaauts)
 A = Elapsed time spent in this place.
 B = Non-inter-level travel time spent in this place.
 C = Inter-level travel time spent in this place.
 D = Time resting spent in this place.
 E = Time spent auto-exploring this place.
 F = Levels seen in this place.
 G = Mean time per level.
                   A        B        C        D        E       F      G
               +--------+--------+--------+--------+--------+-----+--------+
         Total |   2087 |   2016 |     71 |     25 |   1559 |   4 |  521.8 |
       Dungeon |   2087 |   2016 |     71 |     25 |   1559 |   4 |  521.8 |
               +--------+--------+--------+--------+--------+-----+--------+

Top non-repeatable levels by time:
     D:1: 920 daAuts
     D:2: 875 daAuts
     D:3: 158 daAuts
     D:4: 133 daAuts
